 Dungeon Crawl Stone Soup version 0.24.0-3-g28a8eb0610 (webtiles) character file.

Game seed: 11056078621733375343, levelgen mode: deterministic

56 CurryBlack the Sneak (level 3, -4/16 HPs)
             Began as a Spriggan Enchanter on Nov 1, 2019.
             Killed from afar by an orc wizard (6 damage)
             ... with a magic dart
             ... on level 3 of the Dungeon.
             The game lasted 00:07:39 (1908 turns).

CurryBlack the Sneak (Spriggan Enchanter)           Turns: 1908, Time: 00:07:39

Health: -4/16      AC:  2    Str:  4    XL:     3   Next: 69%
Magic:  1/8        EV: 19    Int: 17    God:
Gold:   118        SH:  0    Dex: 16    Spells: 2/8 levels left

rFire    . . .     SeeInvis +   a - +1 dagger
rCold    . . .     Gourm    .   (shield restricted)
rNeg     . . .     Faith    .   b - +0 robe
rPois    .         Spirit   .   (helmet restricted)
rElec    .         Reflect  .   (no cloak)
rCorr    .         Harm     .   (gloves unavailable)
MR       .....                  (boots unavailable)
Stlth    +++.......             (no amulet)
HPRegen  0.05/turn              (no ring)
MPRegen  0.11/turn              (no ring)

@: very quick
A: very small, unfitting armour, see invisible, herbivore, speed 3, slow
metabolism 2
a: no special abilities


You were on level 3 of the Dungeon.
You were not hungry.

You visited 1 branch of the dungeon, and saw 3 of its levels.

You collected 118 gold pieces.

Inventory:

Hand Weapons
 a - a +1 dagger (weapon)
Missiles
 c - 97 arrows
 g - 80 bolts
 i - 4 curare-tipped darts (quivered)
 k - 29 poisoned darts
Armour
 b - a +0 robe (worn)
Scrolls
 e - 2 scrolls of identify {unknown}
 f - 2 scrolls of immolation {unknown}
 h - 2 scrolls of fog {unknown}
 j - a scroll of fear {unknown}
 m - a scroll of amnesia {unknown}
 n - a scroll of blinking {unknown}
 o - 3 scrolls of remove curse {unknown}
Potions
 l - a potion of resistance {unknown}
 p - a potion of haste {unknown}
Comestibles
 d - 9 rations


   Skills:
 - Level 1.1 Short Blades
 * Level 4.1 Dodging
 * Level 5.4 Stealth
 + Level 3.0 Spellcasting
 * Level 4.3 Hexes


You had 2 spell levels left.
You knew the following spells:

 Your Spells              Type           Power        Failure   Level  Hunger
a - Corona                Hex            ###....      3%          1    None
b - Ensorcelled Hibernat  Hex/Ice        ##....       11%         2    ##.....
c - Confuse               Hex            ###.....     9%          3    ###....

Your spell library contained the following spells:

 Spells                   Type           Power        Failure   Level  Hunger
 Tukima's Dance           Hex            ###.....     9%          3    ###....
 Dazzling Spray           Conj/Hex       ##....       22%         3    ###....


Dungeon Overview and Level Annotations

Branches:
Dungeon (3/15)

Altars:
Hepliaklqana


Innate Abilities, Weirdness & Mutations

You are very small and have problems with some larger weapons.
You are too small for most types of armour.
You have supernaturally acute eyesight. (SInv)
You are a herbivore.
You cover ground extremely quickly.
You need to consume almost no food.


Message History

You hit the orc wizard but do no damage.
The orc wizard completely misses you.
You closely miss the orc wizard. You hit the orc wizard.
The orc wizard is lightly wounded.
The orc wizard hits you with a +0 dagger.
* * * LOW HITPOINT WARNING * * *
You hit the orc wizard.
The orc wizard is moderately wounded.
The orc wizard gestures wildly while chanting.
The orc wizard flickers and vanishes for a moment.
You closely miss the orc wizard.
The orc wizard is moderately wounded.
The orc wizard hits you with a +0 dagger.
* * * LOW HITPOINT WARNING * * *
You hit the orc wizard.
The orc wizard is moderately wounded.
The orc wizard casts a spell at you. The magic dart hits you.
You die...

.# #..#....# #.#...#####.#.
.###..#....#########.#...#
#.#.
.....................#...#
#.#.
...........###########...#
#.#. ..[........#
#######.#.## #.#.
...........# #.......#..#
#.#.
...........#####.#######..##
#.#. ##########.......#
#...# #.#. #..)...@#
#.#.###.#. #......o#
#.......#.
#######.##########.##.#.
#.............#.#.
#############.#.#.
#......รท..#. #.#####...#.
#.# #....... ### #.#
#.#...##


You could see an orc wizard (invisible).

Vanquished Creatures
  An ooze (D:2)
  A worm (D:2)
  A dart slug (D:1)
  A leopard gecko (D:2)
  An orc (D:3)
  5 bats
  2 giant cockroaches
  6 hobgoblins
  A quokka (D:2)
  2 ball pythons
  6 goblins
  9 kobolds
  7 rats
43 creatures vanquished.

Notes
Turn   | Place    | Note
-------+----------+-------------------------------------------
     0 | D:1      | CurryBlack the Spriggan Enchanter began the quest for the
                  | Orb.
     0 | D:1      | Reached XP level 1. HP: 9/9 MP: 5/5
   211 | D:1      | Reached XP level 2. HP: 13/13 MP: 6/6
   215 | D:1      | Learned a level 2 spell: Ensorcelled Hibernation
   739 | D:2      | Reached skill level 5 in Stealth
   804 | D:2      | Reached XP level 3. HP: 7/16 MP: 5/8
   809 | D:2      | Learned a level 3 spell: Confuse
  1569 | D:3      | Found a hazy altar of Hepliaklqana.
  1908 | D:3      | Killed from afar by an orc wizard

Levels and vault maps discovered:
D:1:      grunt_arrival_crossed_arrows, layout_rooms, minmay_splitting_lines
D:2:      layout_rooms, first_ration, minmay_distorted
D:3:      layout_basic, lemuel_crystal_altar, serial_glass, glass_columns_b,
          glass_columns_c, glass_columns_c, glass_columns_c

Skill      XL: |  1  2  3 |
---------------+----------+-----
Hexes          | 4 |  4.3
Stealth        | 5 |  5.4
Spellcasting   | 3 |  3.0
Dodging        | 4 |  4.1
Short Blades   | |  1.1

Action                   || total
-------------------------++-------
Melee: Dagger            ||   185
 Cast: Ensorcelled Hiber ||    14
 Stab: Sleeping          ||    13
Armor: Robe              ||    22
Dodge: Dodged            ||   163
